 Dungeon Crawl Stone Soup version 0.18.1-50-g88ac8fd (webtiles) character file.

177 Ladykiller69 the Cudgeler (level 5, -2/55 HPs)
             Began as an Ogre Gladiator on Oct 23, 2016.
             Slain by a gnoll
             ... wielding a +0 flail
              (6 damage)
             ... on level 2 of the Dungeon.
             The game lasted 00:11:18 (2273 turns).

Ladykiller69 the Cudgeler (Ogre Gladiator)          Turns: 2273, Time: 00:11:19

Health: -2/55      AC:  6    Str: 20    XL:     5   Next: 57%
Magic:  5/5        EV: 10    Int:  7    God:
Gold:   178        SH:  0    Dex: 11    Spells: 0 memorised, 4 levels left

rFire  . . .     SeeInvis .     a - +0 flail
rCold  . . .     Gourm    .     b - +0 robe
rNeg   . . .     Faith    .     (no shield)
rPois  .         Spirit   .     q - +2 hat
rElec  .         Dismiss  .     g - +0 cloak (curse)
rCorr  .         Reflect  .     (gloves unavailable)
SustAt .         Harm     .     (boots unavailable)
MR     .....                    (no amulet)
Stlth  +.........               (no ring)
                                (no ring)

@: not resistant to hostile enchantments, very unstealthy
A: unfitting armour, tough skin 1
a: no special abilities


You were on level 2 of the Dungeon.
You were hungry.

You visited 1 branch of the dungeon, and saw 3 of its levels.

You collected 178 gold pieces.

Inventory:

Hand Weapons
 a - a +0 flail (weapon)
Missiles
 d - 3 throwing nets (quivered)
Armour
 b - a +0 robe (worn)
 c - a +0 hat
 g - a cursed +0 cloak (worn)
 q - a +2 hat (worn)
Jewellery
 l - an uncursed amulet of dismissal {unknown}
 y - a +2 ring of strength {unknown}
Scrolls
 h - 4 scrolls of identify {unknown}
 i - a scroll of amnesia {unknown}
 k - 2 scrolls of enchant weapon {unknown}
 n - a scroll of teleportation {unknown}
 p - a scroll of noise {unknown}
 t - a scroll of remove curse {unknown}
 w - a scroll of recharging {unknown}
 x - a scroll of random uselessness {unknown}
Potions
 e - a potion of mutation {unknown}
 o - a potion of flight {unknown}
 s - a potion of curing {unknown}
 v - a potion of agility {unknown}
Books
 u - a book of Power

   Spells                             Type                      Level
   a - Fulminant Prism                Conjuration/Hexes            4
   b - Iskenderun's Mystic Blast      Conjuration                  4
   c - Venom Bolt                     Conjuration/Poison           5
   d - Bolt of Magma                  Conjuration/Fire/Earth       5
   e - Iron Shot                      Conjuration/Earth            6
   f - Orb of Destruction             Conjuration                  7
   g - Spellforged Servitor           Conjuration/Summoning        7
Comestibles
 f - 3 bread rations
 j - 3 meat rations
 m - a fruit
 r - a royal jelly


   Skills:
 + Level 4.4 Fighting
 * Level 6.2 Maces & Flails
 + Level 2.9 Throwing
 - Level 3.0 Dodging


You had 4 spell levels left.
You didn't know any spells.

Dungeon Overview and Level Annotations

Branches:
Dungeon (3/15)

Altars:
Elyvilon
Kikubaaqudgha
Nemelex Xobeh
Pakellas
Ru

Annotations:
D:3 Sigmund; jazmu's ghost, amateur OpFE


Innate Abilities, Weirdness & Mutations

You are too large for most types of armour.
You have tough skin (AC +1).


Message History

The gnoll is moderately wounded.
The gnoll hits you with a flail! The gnoll completely misses you.
There is a stone staircase leading down here.
There is a stone staircase leading up here.
The gnoll hits you with a flail!
You climb upwards.
There is a stone staircase leading down here.
You closely miss the gnoll.
The gnoll is moderately wounded.
The gnoll hits you with a flail!
* * * LOW HITPOINT WARNING * * *
You closely miss the gnoll.
The gnoll is moderately wounded.
The gnoll hits you but does no damage. The gnoll hits you with a flail.
* * * LOW HITPOINT WARNING * * *
You barely miss the gnoll.
The gnoll is moderately wounded.
The gnoll hits you with a flail.
You die...

###### #....#
#.##.#
############.##.###
................@>#
############.##.#g#
#....#.# ##.#.#.#
#.#.#.# #.#...#
#.###.# #.# #.#
#.###.#


You could see a gnoll.

Vanquished Creatures
  An orc priest (D:3)
  An orc wizard (D:3)
  4 adders
  A gnoll (D:3)
  3 worms
  2 dart slugs
  2 giant geckos
  4 orcs (D:3)
  6 bats
  4 giant cockroaches
  4 goblins
  8 hobgoblins
  A quokka (D:3)
  2 ball pythons
  4 giant newts
  7 kobolds
  6 rats
60 creatures vanquished.

Notes
Turn   | Place    | Note
--------------------------------------------------------------
     0 | D:1      | Ladykiller69 the Ogre Gladiator began the quest for the Orb.
     0 | D:1      | Reached XP level 1. HP: 22/22 MP: 1/1
   230 | D:1      | Reached XP level 2. HP: 29/29 MP: 2/2
   687 | D:2      | Reached XP level 3. HP: 37/37 MP: 3/3
   882 | D:2      | Reached skill level 5 in Maces & Flails
  1079 | D:2      | Reached XP level 4. HP: 32/45 MP: 4/4
  1103 | D:3      | Noticed jazmu's ghost (amateur OpFE)
  1190 | D:3      | Found a sacrificial altar of Ru.
  1192 | D:3      | Found a white marble altar of Elyvilon.
  1203 | D:3      | Found an ancient bone altar of Kikubaaqudgha.
  1203 | D:3      | Found a sparkling altar of Nemelex Xobeh.
  1239 | D:3      | Found a glowing drain.
  1246 | D:3      | Found an oddly glowing altar of Pakellas.
  1264 | D:3      | Noticed Sigmund
  1716 | D:3      | Reached XP level 5. HP: 20/54 MP: 5/5
  1866 | D:3      | Reached skill level 6 in Maces & Flails
  2273 | D:2      | Slain by a gnoll

Skill      XL: |  1  2  3  4  5 |
---------------+----------------+-----
Fighting       | 3 4 |  4.4
Maces & Flails | 5 6 |  6.2
Dodging        | 3 |  3.0
Throwing       | |  2.9

Action                   |  1- 3 |  4- 6 || total
-------------------------+-------+-------++-------
Melee: Flail             |    79 |   143 ||   222
 Stab: Sleeping          |     2 |       ||     2
  Eat: Chunk             |       |     4 ||     4
Armor: Robe              |    22 |    53 ||    75
Dodge: Dodged            |    51 |    78 ||   129
